 Dungeon Crawl Stone Soup version 0.29-a0-91-gdebf4667c2 (webtiles) character file.

Game seed: 13821870148562037606

5 drugrobin the Grasshopper (level 1, -1/17 HPs)
             Began as a Demigod Warper on Feb 7, 2022.
             Slain by a goblin (4 damage)
             ... on level 1 of the Dungeon.
             The game lasted 00:02:12 (152 turns).

drugrobin the Grasshopper (Demigod Warper)           Turns: 152, Time: 00:02:13

Health: -1/17      AC:  3    Str: 12    XL:     1   Next: 53%
Magic:  5/5        EV: 11    Int: 15    God:
Gold:   9          SH:  0    Dex: 13    Spells: 3/3 levels left

rFire   . . .      SeeInvis .   a - +0 spear
rCold   . . .      Faith    .   (no shield)
rNeg    . . .      Spirit   .   b - +0 leather armour
rPois   .          Reflect  .   (no helmet)
rElec   .          Harm     .   (no cloak)
rCorr   .          Rampage  .   (no gloves)
Will    .....                   (no boots)
Stlth   +.........              (no amulet)
HPRegen 0.05/turn               (no ring)
MPRegen 0.09/turn               (no ring)

@: no status effects
A: high MP 1, forlorn, divine attributes
a: no special abilities


You were on level 1 of the Dungeon.
You visited 1 branch of the dungeon, and saw 1 of its levels.

You collected 9 gold pieces.

Inventory:

Hand Weapons
 a - a +0 spear (weapon)
Missiles
 d - 5 boomerangs of dispersal (quivered)
Armour
 b - a +0 leather armour (worn)
Scrolls
 c - a scroll of blinking


   Skills:
 - Level 1.7 Fighting
 + Level 2.0 Polearms
 - Level 0.8 Throwing
 - Level 0.8 Armour
 - Level 1.7 Dodging
 - Level 1.7 Spellcasting
 + Level 2.9 Translocations


You had 3 spell levels left.
You didn't know any spells.
Your spell library contained the following spells:

 Spells                   Type           Power      Damage    Failure   Level
 Blink                    Tloc           20%        N/A       13%         2
 Gell's Gravitas          Tloc           10%        N/A       26%         3
 Lesser Beckoning         Tloc           10%        N/A       26%         3
 Teleport Other           Tloc           10%        N/A       26%         3
 Manifold Assault         Tloc           10%        N/A       94%         5


Dungeon Overview and Level Annotations

Branches:
Dungeon (1/15)


Innate Abilities, Weirdness & Mutations

You have an increased reservoir of magic. (+10% MP)
You shall have no god before yourself.
Your divine heritage dramatically boosts your attributes as you level up.


Message History

Unknown command.
Unknown command.
Reach: a) +0 spear
Press: ? - help, Dir - move target, f/p - goblin
Aim: a goblin, wielding a +0 club (about 47% to evade your +0 spear)
You reach to attack!
You miss the goblin. The frilled lizard bites you.
Unknown command.
Unknown command.
Reach: a) +0 spear
Press: ? - help, Dir - move target, f/p - goblin
Aim: a goblin, wielding a +0 club (about 47% to evade your +0 spear)
You reach to attack!
You barely miss the goblin.
The frilled lizard bites you but does no damage.
Unknown command.
Unknown command.
Reach: a) +0 spear
Press: ? - help, Dir - move target, f/p - goblin
Aim: a goblin, wielding a +0 club (about 47% to evade your +0 spear)
The frilled lizard is in the way.
You hit the frilled lizard.
You kill the frilled lizard!
Unknown command.
The goblin misses you.
Reach: a) +0 spear
Press: ? - help, Dir - move target, f - endoplasm, p - goblin
Aim: an endoplasm (about 14% to evade your +0 spear)
You reach to attack!
You hit the endoplasm but do no damage. The goblin hits you with a +0 club.
* * * LOW HITPOINT WARNING * * *
Unknown command.
Reach: a) +0 spear
Press: ? - help, Dir - move target, f - goblin, p - endoplasm
Aim: a goblin, wielding a +0 club (about 47% to evade your +0 spear)
You hit the goblin.
The goblin is heavily wounded.
The goblin misses you.
Unknown command.
You barely miss the goblin.
The goblin is heavily wounded.
The goblin hits you with a +0 club.
You die...

### ### ######<######
#.. #...........# #>#
#+####'####+# #.#
#....###.#####.####
#....###....Jg@......#
####. #.########.##.# #
#.# ###...#.# #.###)###
#.....#K#
#......###.###.#g#######
# #.#.......g.#
#.........##.#
###.#.#.###
###..........# #.#...#
#....##.#### #...###
###..##.#


You could see an endoplasm and a goblin.

Vanquished Creatures
  2 hobgoblins (D:1)
  2 kobolds (D:1)
  A frilled lizard (D:1)
5 creatures vanquished.

Notes
Turn   | Place    | Note
-------+----------+-------------------------------------------
     0 | D:1      | drugrobin the Demigod Warper began the quest for the Orb.
     0 | D:1      | Reached XP level 1. HP: 17/17 MP: 5/5
   152 | D:1      | Slain by a goblin

Illustrated notes

Levels and vault maps discovered:
D:1:      minmay_arrival_three_doors, layout_loops_ring,
          shapermc_ecumenical_altar_mp_highgroup, minmay_quantized

Skill      XL: |  1 |
---------------+----+-----
Polearms       | 2 |  2.0
Fighting       | |  1.7
Throwing       | |  0.8
Armour         | |  0.8
Dodging        | |  1.7
Spellcasting   | |  1.7
Translocations | |  2.9

Action                   || total
-------------------------++-------
Melee: Spear             ||    29
Armor: Leather armour    ||     6
Dodge: Dodged            ||    10

Table legend: (Time is in decaauts)
 A = Elapsed time spent in this place.
 B = Non-inter-level travel time spent in this place.
 C = Inter-level travel time spent in this place.
 D = Time resting spent in this place.
 E = Time spent auto-exploring this place.
 F = Levels seen in this place.
 G = Mean time per level.
                   A        B        C        D        E       F      G
               +--------+--------+--------+--------+--------+-----+--------+
         Total |    152 |    152 |      0 |      0 |     56 |   1 |  152.0 |
       Dungeon |    152 |    152 |      0 |      0 |     56 |   1 |  152.0 |
               +--------+--------+--------+--------+--------+-----+--------+

Top non-repeatable levels by time:
     D:1: 152 daAuts
